 Dungeon Sprint DCSS version 0.27-a0-592-g0306a34022 (webtiles) character file.

Game seed: 3851629473799978408

14238 rocky1 the Cleaver (level 11, -12/109 (110) HPs)
             Began as a Minotaur Gladiator on Mar 11, 2021.
             Was the Champion of Okawaru.
             Killed from afar by a merfolk aquamancer (39 damage)
             ... with a shard of ice
             ... in the Dungeon (Sprint VII: "The Pits").
             The game lasted 00:20:19 (4294 turns).

rocky1 the Cleaver (Minotaur Gladiator)             Turns: 4294, Time: 00:20:20

HP:   -12/109 (110) AC: 24    Str: 22    XL:     11   Next: 86%
MP:   12/17         EV: 14    Int: 11    God:    Okawaru [******]
Gold: 44            SH:  0    Dex: 12    Spells: 10/10 levels left

rFire    . . .     SeeInvis .   a - +1 broad axe (vorpal)
rCold    . . .     Faith    .   (no shield)
rNeg     . . .     Spirit   .   n - +2 plate armour
rPois    .         Reflect  .   c - +0 hat
rElec    .         Harm     .   (no cloak)
rCorr    .         Rampage  .   K - +2 pair of gloves {archery}
Will     .....     NoTele   +   (no boots)
Stlth    ..........             (no amulet)
HPRegen  0.28/turn              q - +3 ring of intelligence
MPRegen  0.15/turn              r - +3 ring of intelligence

@: heroic, finesse-ful, slowed, wreathed by umbra, lightly drained, very slow
A: horns 2, blurry vision 1, retaliatory headbutt
a: Renounce Religion, Heroism, Finesse


You were in the Dungeon.
You worshipped Okawaru.
Okawaru was exalted by your worship.
You visited 1 branch You collected 44 gold pieces.

Inventory:

Hand Weapons
 a - a +1 vorpal broad axe (weapon)
 b - the +7 longbow of the Glowing Traitor {freeze, Str+2 Dex+3}
   (Okawaru gifted it to you in the Dungeon)

   It causes projectiles fired from it to freeze those they strike, causing
   extra injury to most foes and up to half again as much damage against
   particularly susceptible opponents.
   They can also slow down cold-blooded creatures.
   It affects your strength (+2).
   It affects your dexterity (+3).
 k - a +1 long sword of holy wrath
 o - a +2 dire flail of protection
 p - a +2 whip of flaming
 t - a +4 quarterstaff of speed
 u - a +2 scimitar of flaming
 v - a +0 shortbow
 F - the +5 dire flail "Ukhusoih" {vorpal, rPois Will+ Str+4 Dex-4}
   (You found it in the Dungeon)

   It inflicts extra damage upon your enemies.
   It affects your strength (+4).
   It affects your dexterity (-4).
   It protects you from poison.
   It affects your willpower, your defense against some magical effects.
Missiles
 d - 6 throwing nets (quivered)
 x - 81 arrows
 G - 8 boomerangs of dispersal
Armour
 c - a +0 hat (worn)
 n - a +2 plate armour (worn)
 w - a +0 pair of gloves
 y - a +0 troll leather armour
 K - a +2 pair of gloves of archery (worn)
Jewellery
 q - a +3 ring of intelligence (right hand)
 r - a +3 ring of intelligence (left hand)
 H - a ring of protection from cold
 I - a ring of positive energy
Wands
 J - a wand of flame (19)
Scrolls
 i - 3 scrolls of fear
 j - 2 scrolls of fog
 l - 6 scrolls of amnesia
 m - a scroll of summoning
 z - 2 scrolls of enchant weapon
 B - 2 scrolls of enchant armour
 D - a scroll of blinking
Potions
 e - 10 potions of curing
 f - 11 potions of heal wounds
 g - 4 potions of haste
 h - 4 potions of magic
 s - a potion of invisibility
 A - a potion of brilliance
 C - a potion of berserk rage
 E - 4 potions of mutation


   Skills:
 + Level 14.3(19.3) Fighting
 + Level 9.7(14.7) Long Blades
 + Level 14.4(20.3) Axes
 + Level 9.7(19.2) Maces & Flails
 + Level 9.6(16.2) Staves
 + Level 7.3(12.3) Bows
 - Level 2.0(7.0) Throwing
 + Level 14.0(19.0) Armour
 + Level 13.3(18.3) Dodging
 - Level 10.6 Invocations


You had 10 spell levels left.
You didn't know any spells.
Your spell library was empty.

Dungeon Overview and Level Annotations

Branches:
Dungeon (1/1)

Altars:
Ashenzari
Cheibriados
Dithmenos
Elyvilon
Fedhas
Gozag
Hepliaklqana
Kikubaaqudgha
Makhleb
Nemelex Xobeh
Okawaru
Qazlal
Ru
Sif Muna
Trog
Uskayaw
Vehumet
Wu Jian
Xom
Yredelemnul
Zin
The Shining One
Beogh
Jiyva
Lugonu


Innate Abilities, Weirdness & Mutations

You have a pair of horns on your head.
You reflexively headbutt those who attack you in melee.
Scrolls take you a little longer to read.


Message History

* * * LOW HITPOINT WARNING * * *
The profane servitor hits you but does no damage. x2
The merfolk aquamancer gestures at you while chanting.
The shard of ice misses you.
A necromancer comes into view. It is wielding a +0 dagger.
The profane servitor hits you but does no damage. x2
The bog body gestures at you while chanting.
You feel as though you will be slow longer.
The merfolk hits you but does no damage.
A vampire mage comes into view.
Unknown command.
You can now deal lightning-fast blows.
The merfolk hits you but does no damage.
The profane servitor hits you but does no damage. x2
The merfolk aquamancer hits you with a +2 morningstar of protection!
* * * LOW HITPOINT WARNING * * *
The bog body touches you but does no damage.
The merfolk hits you with a +0 trident.
* * * LOW HITPOINT WARNING * * *
The merfolk hits you from afar with a +0 trident.
* * * LOW HITPOINT WARNING * * *
The profane servitor closely misses you.
The profane servitor hits you but does no damage.
The vampire mage mumbles some strange words.
The merfolk aquamancer hits you with a +2 morningstar of protection.
* * * LOW HITPOINT WARNING * * *
You hear an angry buzzing noise.
A bat skeleton comes into view.
Unknown command.
You feel much better.
The profane servitor hits you but does no damage.
The profane servitor hits you with a +1 whip.
You feel drained. The bog body barely misses you.
The merfolk hits you with a +0 trident!
* * * LOW HITPOINT WARNING * * *
The merfolk closely misses you.
The profane servitor hits you but does no damage. x2
The merfolk aquamancer gestures at you while chanting.
The shard of ice hits you!!!
You die...

,,,*#....................''......
,,,*#..################..##..#...
,,,*#..#*,*Z#,*,*,*S#E#..##......
,,,*#..#,*Z*V#,*,*,#k*#..##......
,,,*#..#*,*p*h#,*,#z*,#..####++##
,,,*#..#,*,*,*l#,#e*m*#..####++##
,,,*#..#*,*,*,*y#m*,*,#..##......
****#..#########A######..##.#+##.
#####..........m@........##.*,,+.
__.##...........nm.......##,+,,*,
__.###########''##########*,*,,+,
...###########''##########*,+,,*,
##'##................##..#*,**+*,
)'.##......#..#......##..#*,,,,,,
##.##................''..#*******
....'................''..########
#####......#..#......##....).....


You could see a profane servitor, a death cob, a deep elf death mage, a merfolk
aquamancer, 2 merfolk, a vampire mage, a polar bear, a komodo dragon, a water
elemental, a bog body, a rime drake, a vampire mosquito and a bat skeleton.

Vanquished Creatures
  A green draconian (D)
  Harold (D)
  A hydra (D)
  A centaur warrior (D)
  An alligator snapping turtle (D)
  A death yak (D)
  A fire crab (D)
  2 flayed ghosts (D)
  A large abomination (D)
  Pikel (D)
  A deep elf pyromancer (D)
  A deep elf zephyrmancer (D)
  A phantasmal warrior (D)
  An orc sorcerer (D)
  An elephant (D)
  A black mamba (D)
  An orange demon (D)
  A cane toad (D)
  An ice devil (D)
  A freezing wraith (D)
  A troll (D)
  A hornet (D)
  A tyrant leech (D)
  A jumping spider (D)
  2 polar bears (D)
  A redback (D)
  A spriggan (D)
  An air elemental (D)
  A wyvern (D)
  Eustachio (D)
  A neqoxec (D)
  A steam dragon (D)
  4 vampire mosquitoes (D)
  A warg (D)
  A water moccasin (D)
  An ice beast (D)
  A necrophage (D)
  An orc warrior (D)
  A sky beast (D)
  3 centaurs (D)
  3 lemures (D)
  A bullfrog (D)
  2 scorpions (D)
  A jelly (D)
  3 crimson imps (D)
  A quasit (D)
  A hound (D)
  An orc priest (D)
  A gnoll shaman (D)
  4 orc wizards (D)
  A worker ant (D)
  A gnoll (D)
  An adder (D)
  3 river rats (D)
  2 ufetubi (D)
  A worm (D)
  4 orcs (D)
  A goblin (D)
  A hobgoblin (D)
  A bat (D)
  2 kobolds (D)
83 creatures vanquished.

Vanquished Creatures (others)
  A water elemental (D)
  A sky beast (D)
  A bat zombie (D)
3 creatures vanquished.

Grand Total: 86 creatures vanquished

Notes
Turn   | Place    | Note
-------+----------+-------------------------------------------
     0 | D        | rocky1 the Minotaur Gladiator began the quest for the Orb.
     0 | D        | Reached XP level 1. HP: 18/18 MP: 0/0
    19 | D        | Found a bloodstained altar of Trog.
    19 | D        | Found a shimmering blue altar of Sif Muna.
    19 | D        | Found a viscous altar of Jiyva.
    19 | D        | Found a hazy altar of Hepliaklqana.
    19 | D        | Found an opulent altar of Gozag.
    20 | D        | Found a glowing golden altar of the Shining One.
    20 | D        | Found a glowing silver altar of Zin.
    20 | D        | Found a basalt altar of Yredelemnul.
    20 | D        | Found a shimmering altar of Xom.
    20 | D        | Found an ornate altar of the Wu Jian Council.
    20 | D        | Found a sacrificial altar of Ru.
    20 | D        | Found a stormy altar of Qazlal.
    20 | D        | Found an iron altar of Okawaru.
    20 | D        | Found a sparkling altar of Nemelex Xobeh.
    20 | D        | Found a burning altar of Makhleb.
    20 | D        | Found a blossoming altar of Fedhas.
    20 | D        | Found a white marble altar of Elyvilon.
    20 | D        | Found a shadowy altar of Dithmenos.
    20 | D        | Found a snail-covered altar of Cheibriados.
    22 | D        | Found a radiant altar of Vehumet.
    22 | D        | Found a corrupted altar of Lugonu.
    23 | D        | Found a hide-covered altar of Uskayaw.
    23 | D        | Found an ancient bone altar of Kikubaaqudgha.
    23 | D        | Found a broken altar of Ashenzari.
    32 | D        | Became a worshipper of Warmaster Okawaru
    84 | D        | Reached skill level 1 in Invocations
    84 | D        | Reached XP level 2. HP: 23/26 MP: 0/2
   439 | D        | Noticed a bullfrog
   445 | D        | Reached XP level 3. HP: 25/33 MP: 3/3
   448 | D        | Killed a bullfrog
   449 | D        | Reached skill level 5 in Fighting
   449 | D        | Reached skill level 5 in Axes
   449 | D        | Reached skill level 5 in Dodging
   449 | D        | Reached XP level 4. HP: 27/42 MP: 3/5
   660 | D        | Noticed an orc warrior
   676 | D        | Killed an orc warrior
   676 | D        | Reached * piety under Okawaru
   677 | D        | Reached XP level 5. HP: 44/51 MP: 5/7
   686 | D        | Noticed an ice beast
   697 | D        | Reached skill level 5 in Invocations
   706 | D        | Killed an ice beast
   707 | D        | Reached XP level 6. HP: 22/60 MP: 7/9
   901 | D        | Noticed a sky beast
   914 | D        | Killed a sky beast
  1065 | D        | Reached XP level 7. HP: 69/69 MP: 10/10
  1167 | D        | Noticed a vampire mosquito
  1172 | D        | Killed a vampire mosquito
  1172 | D        | Reached ** piety under Okawaru
  1175 | D        | Noticed Pikel
  1218 | D        | Killed Pikel
  1219 | D        | Reached skill level 10 in Axes
  1219 | D        | Reached XP level 8. HP: 52/79 MP: 12/12
  1333 | D        | Noticed a deep elf pyromancer
  1333 | D        | Noticed an eight-headed hydra
  1348 | D        | Killed an eight-headed hydra
  1348 | D        | Reached *** piety under Okawaru
  1349 | D        | Reached skill level 10 in Fighting
  1349 | D        | Reached skill level 10 in Armour
  1349 | D        | Reached skill level 10 in Dodging
  1359 | D        | Killed a deep elf pyromancer
  1360 | D        | Reached XP level 9. HP: 44/89 MP: 12/14
  1787 | D        | Noticed a freezing wraith
  1792 | D        | Killed a freezing wraith
  1793 | D        | Reached skill level 1 in Long Blades
  1793 | D        | Reached skill level 1 in Maces & Flails
  1793 | D        | Reached skill level 1 in Staves
  1980 | D        | Noticed a jumping spider
  1992 | D        | Reached **** piety under Okawaru
  1995 | D        | Killed a jumping spider
  2254 | D        | Noticed an orange demon
  2262 | D        | Killed an orange demon
  2321 | D        | Reached ***** piety under Okawaru
  2335 | D        | Noticed a deep elf zephyrmancer
  2340 | D        | Reached skill level 10 in Invocations
  2344 | D        | Reached XP level 10. HP: 68/97 MP: 14/16
  2358 | D        | Killed a deep elf zephyrmancer
  2359 | D        | Reached skill level 5 in Long Blades
  2359 | D        | Reached skill level 5 in Maces & Flails
  2359 | D        | Reached skill level 5 in Staves
  2613 | D        | Reached skill level 1 in Bows
  2647 | D        | Gained mutation: Scrolls take you a little longer to read.
                  | [a neqoxec]
  2662 | D        | Identified the +7 longbow of the Glowing Traitor {freeze,
                  | Str+2 Dex+3} (Okawaru gifted it to you in the Dungeon)
  2662 | D        | Received a gift from Okawaru
  2790 | D        | Noticed a flayed ghost
  2809 | D        | Killed a flayed ghost
  2818 | D        | Noticed an orc sorcerer
  2824 | D        | Noticed an elephant
  2824 | D        | Noticed a phantasmal warrior
  2825 | D        | Noticed a flayed ghost
  2829 | D        | Killed an orc sorcerer
  2851 | D        | Killed a flayed ghost
  2900 | D        | Received a gift from Okawaru
  2927 | D        | Killed a phantasmal warrior
  2928 | D        | Reached XP level 11. HP: 94/107 MP: 17/17
  2988 | D        | Noticed a death yak
  2989 | D        | Noticed an alligator snapping turtle
  3004 | D        | Killed a death yak
  3004 | D        | Received a gift from Okawaru
  3005 | D        | Reached skill level 5 in Bows
  3007 | D        | Killed an alligator snapping turtle
  3099 | D        | Got the +5 dire flail "Ukhusoih" {vorpal, rPois Will+ Str+4
                  | Dex-4}
  3274 | D        | Noticed Eustachio
  3278 | D        | Killed Eustachio
  3289 | D        | Noticed a spriggan rider
  3289 | D        | Noticed a centaur warrior
  3291 | D        | Killed a centaur warrior
  3315 | D        | Reached ****** piety under Okawaru
  3656 | D        | Noticed Harold
  3657 | D        | Noticed a fire crab
  3661 | D        | Killed a fire crab
  3661 | D        | Received a gift from Okawaru
  3673 | D        | Killed Harold
  3803 | D        | Noticed a green draconian
  3813 | D        | Killed a green draconian
  3929 | D        | Noticed a large abomination
  3937 | D        | Killed a large abomination
  4278 | D        | Noticed a profane servitor
  4278 | D        | Noticed a deep elf death mage
  4278 | D        | Noticed a merfolk aquamancer
  4279 | D        | Noticed a death cob
  4286 | D        | Noticed a merfolk aquamancer
  4286 | D        | Noticed a bog body
  4292 | D        | Noticed a necromancer
  4293 | D        | Noticed a vampire mage
  4294 | D        | Killed from afar by a merfolk aquamancer

Illustrated notes

Levels and vault maps discovered:
D:        pitsprint [storerooms_1, entrance_room_1, metal_vault_6, armoury_1,
          mini_pit_1, grid_room_1, main_hall_1, silver_pit, the_coven_3,
          the_vestibule_1, steel_vault_2, golden_pit, hallway_of_sentries,
          crystal_vault_6, iron_vault_4, final_vault]

Skill      XL: |  1  2  3  4  5  6  7  8  9 10 11 |
---------------+----------------------------------+-----
Fighting       | 3 4 5 6 7 8 9 11 12 13 14 | 14.3
Axes           | 4 5 7 8 10 11 12 13 14 | 14.4
Armour         | 2 3 4 6 7 8 9 10 11 12 14 | 14.0
Invocations    | 1 2 3 4 5 6 7 9 10 | 10.6
Dodging        | 4 5 6 7 8 9 10 11 12 13 | 13.3
Long Blades    | 4 7 9 |  9.7
Maces & Flails | 4 7 9 |  9.7
Staves         | 4 7 9 |  9.6
Bows           | 4 7 |  7.3
Throwing       | |  2.0

Action                   |  1- 3 |  4- 6 |  7- 9 | 10-12 || total
-------------------------+-------+-------+-------+-------++-------
Melee: Hand axe          |    21 |    43 |    54 |       ||   118
       Headbutt          |       |     7 |    18 |    47 ||    72
       Whip              |       |       |    13 |       ||    13
       Broad axe         |       |       |    48 |   160 ||   208
       Scimitar          |       |       |     5 |       ||     5
       Dire flail        |       |       |       |     6 ||     6
 Fire: Longbow           |       |       |       |    25 ||    25
Throw: Throwing net      |       |       |       |     2 ||     2
Invok: Heroism           |       |       |     1 |     1 ||     2
       Finesse           |       |       |       |     1 ||     1
  Use: Potion            |       |     2 |     1 |     5 ||     8
       Scroll            |       |       |       |     2 ||     2
 Stab: Invisible         |       |       |       |     3 ||     3
Armor: Leather armour    |     1 |       |       |       ||     1
       Ring mail         |       |    14 |    27 |       ||    41
       Plate armour      |       |       |    68 |    73 ||   141
       Troll leather arm |       |       |       |    11 ||    11
Dodge: Dodged            |    13 |    28 |    79 |    93 ||   213

Table legend: (Time is in decaauts)
 A = Elapsed time spent in this place.
 B = Non-inter-level travel time spent in this place.
 C = Inter-level travel time spent in this place.
 D = Time resting spent in this place.
 E = Time spent auto-exploring this place.
 F = Levels seen in this place.
 G = Mean time per level.
                   A        B        C        D        E       F      G
               +--------+--------+--------+--------+--------+-----+--------+
         Total |   4287 |   4193 |     94 |   2773 |      0 |   1 | 4287.0 |
       Dungeon |   4287 |   4193 |     94 |   2773 |      0 |   1 | 4287.0 |
               +--------+--------+--------+--------+--------+-----+--------+

Top non-repeatable levels by time:
       D: 4287 daAuts
